 Dungeon Crawl Stone Soup version 0.30-a0-824-g6c64550be9 (webtiles) character file.

Game seed: 14778748889981966815

1601713 juan097 the Conqueror (level 27, 273/273 HPs)
             Began as a Minotaur Berserker on Feb 27, 2023.
             Was the Champion of Trog.
             Escaped with the Orb
             ... and 3 runes!
             The game lasted 04:06:52 (81898 turns).

juan097 the Conqueror (Minotaur Berserker)         Turns: 81898, Time: 04:06:53

Health: 273/273    AC: 49    Str: 45    XL:     27
Magic:  22/22      EV: 14    Int:  7    God:    Trog [******]
Gold:   4110       SH: 33    Dex: 15    Spells: 26/26 levels left

rFire   + . .      SeeInvis +    a - +8 eveningstar (freeze)
rCold   + . .      Faith    .    s - +18 shield of the Gong {Loud rN+ Will+ rCorr EV-5}
rNeg    + . .      Spirit   .    C - +4 crystal plate armour
rPois   +          Reflect  .    L - +2 hat
rElec   +          Harm     .    H - +2 cloak {rPois}
rCorr   +          Rampage  .    e - +1 pair of gloves of Fuerphuer {rC+ Will+ Str+3 Int+3}
Will    ++++.                    O - +2 pair of boots {Fly} Stlth
                                 Y - amulet "Irruyte" {rElec Regen+ Str+7}
HPRegen 1.45/turn                A - ring of see invisible
MPRegen 0.18/turn                T - ring of the Past {rF+ Str+6, =R}

@: flying, studying Fighting
A: horns 2, retaliatory headbutt, iridescent scales 1, dopey 1, wild magic 1
0: Orb of Zot
}: 3/15 runes: barnacled, silver, gossamer
a: Renounce Religion, Berserk, Trog's Hand, Brothers in Arms


You escaped.
You worshipped Trog.
Trog was exalted by your worship.
You visited 10 branches of the dungeon, and saw 50 of its levels.
You visited 1 bazaar.
You also visited: Bailey and Volcano.

You collected 7119 gold pieces.
You spent 3009 gold pieces at shops.

Inventory:

Hand Weapons
 a - a +8 eveningstar of freezing (weapon)
 b - a +0 vampiric demon whip
Missiles
 p - 22 javelins (quivered)
 v - 3 curare-tipped darts
 B - 36 boomerangs
 G - 8 throwing nets
 I - 19 silver javelins
Armour
 e - the +1 pair of gloves of Fuerphuer (worn) {rC+ Will+ Str+3 Int+3}
   (You acquired it on level 3 of the Depths)

   Str:       It affects your strength (+3).
   Int:       It affects your intelligence (+3).
   rC:        It protects you from cold.
   Will:      It increases your willpower.
 s - the +18 shield of the Gong (worn) {Loud rN+ Will+ rCorr EV-5}
   (You took it off a deep elf high priest on level 3 of the Elven Halls)

   Loud:      It is deafeningly noisy when blocking attacks.
   EV:        It affects your evasion (-5).
   rN:        It protects you from negative energy.
   rCorr:     It protects you from acid and corrosion.
   Will:      It increases your willpower.
 C - a +4 crystal plate armour (worn)
 H - a +2 cloak of poison resistance (worn)
 L - a +2 hat (worn)
 O - a +2 pair of boots of flying (worn)
Jewellery
 q - a ring of protection from cold
 x - the ring of Anwealu {EV+5 Dex+3}
   (You took it off a deep elf annihilator on level 3 of the Elven Halls)

   [ring of evasion]

   EV:        It affects your evasion (+5).
   Dex:       It affects your dexterity (+3).
 A - a ring of see invisible (left hand)
 N - the ring of Rixkalit {rF+ rN+}
   (You found it on level 3 of the Crypt)

   [ring of positive energy]

   rF:        It protects you from fire.
   rN:        It protects you from negative energy.
 T - the ring of the Past (right hand) {rF+ Str+6, =R}
   (You bought it in a shop on level 3 of the Dungeon)

   [ring of protection from fire]

   Str:       It affects your strength (+6).
   rF:        It protects you from fire.
 Y - the amulet "Irruyte" (around neck) {rElec Regen+ Str+7}
   (You found it on level 3 of the Crypt)

   [amulet of regeneration]

   Str:       It affects your strength (+7).
   rElec:     It insulates you from electricity.
   Regen:     It increases your rate of health regeneration.
Wands
 g - a wand of paralysis (5)
 i - a wand of roots (14)
 k - a wand of acid (16)
 U - a wand of digging (30)
Scrolls
 d - 3 scrolls of silence
 m - 16 scrolls of teleportation
 o - a scroll of enchant armour
 r - 11 scrolls of magic mapping
 t - a scroll of poison
 y - 5 scrolls of blinking
 J - 4 scrolls of summoning
 K - 4 scrolls of fog
 Q - 8 scrolls of fear
Potions
 c - 8 potions of haste
 f - 20 potions of curing
 h - 6 potions of cancellation
 j - 5 potions of berserk rage
 l - 8 potions of attraction
 n - 8 potions of flight
 E - 7 potions of heal wounds
 M - 4 potions of invisibility
 P - 6 potions of lignification
 S - 4 potions of might
 V - 6 potions of resistance
 W - 3 potions of ambrosia
Miscellaneous
 w - a condenser vane
 z - a phial of floods
 D - a phantom mirror
 X - a lightning rod (4/4)
 Z - a tin of tremorstones (2/2)


   Skills:
 O Level 27 Fighting
 - Level 17.0 Maces & Flails
 - Level 10.0 Ranged Weapons
 + Level 21.0 Throwing
 - Level 25.0 Armour
 - Level 22.0 Dodging
 - Level 8.0 Stealth
 - Level 20.0 Shields
 - Level 17.0 Evocations


You had 26 spell levels left.
You didn't know any spells.
Your spell library contained the following spells:

 Spells                   Type           Power      Damage    Failure   Level
 Summon Guardian Golem    Hex/Summ       0%         N/A       100%        3
 Summon Lightning Spire   Summ/Air       0%         N/A       100%        4
 Borgnjor's Vile Clutch   Necr/Erth      0%         N/A       100%        5
 Orb of Destruction       Conj           0%         9d5       100%        7
 Spellforged Servitor     Conj/Summ      0%         N/A       100%        7
 Dragon's Call            Summ           0%         N/A       100%        9


Dungeon Overview and Level Annotations

Branches:
Dungeon (15/15)            Temple (0/1) D:6            Lair (5/5) D:8
 Shoals (4/4) Lair:3       Spider (4/4) Lair:2        Slime (0/5) Lair:4
    Orc (2/2) D:9             Elf (3/3) Orc:2        Vaults (5/5) D:13
  Crypt (3/3) Vaults:2       Tomb (0/3) Crypt:3      Depths (4/4) D:15
    Zot (5/5) Depths:4     Bailey (visited)         Volcano (visited)

Altars:
Cheibriados
Fedhas
Gozag
Kikubaaqudgha
Sif Muna
Trog
Yredelemnul
Jiyva

Shops:
D:3 =   D:7 (   Orc:2 *=[(   Elf:1 =::   Shoals:1 [   Shoals:3 (**[
Vaults:4 [   Depths:3 !

Portals:
Hell: Depths:1 Depths:2 Depths:3 Depths:4
Abyss: Depths:1 Depths:3
Pandemonium: Depths:2
Ziggurat: Depths:1
Trove: D:11 (give 17 scrolls of teleportation)

Annotations:
D:14 2 runed translucent doors, jejorda2's ghost, adept MfBe
Shoals:1 exclusions: 2 krakens and 1 more exclusion
Vaults:3 Frederick
Zot:2 3 runed translucent doors, exclusion: obsidian statue, Vapuhis's ghost, adept MiFi


Innate Abilities, Weirdness & Mutations

You have a pair of horns on your head.
You reflexively headbutt those who attack you in melee.
You are partially covered in iridescent scales. (AC +2)
You are dopey. (Int -2)
Your spells are a little harder to cast, but a little more powerful.


Message History

There is a stone staircase leading down here.
There is a stone staircase leading up here.
You fly upwards.
There is a stone staircase leading down here.
A red devil comes into view. It is wielding a +0 trident.
You feel the dreadful sensation subside.
Your +8 eveningstar of freezing glows with a cold blue light!
a - a +8 eveningstar of freezing (weapon)
You block the red devil's attack.
PANG!
You block the red devil's attack.
SHROANNG!
You sock the red devil! You freeze the red devil. You headbutt the red devil!
The red devil is almost dead.
You block the red devil's attack.
GONNNNG!
You barely miss the red devil.
The red devil is almost dead.
You block the red devil's attack.
GONNNNG!
A toenail golem comes into view.
You hit the red devil. You freeze the red devil.
The red devil is almost dead.
You stick the red devil like a pincushion!!!
You freeze the red devil.
You kill the red devil!
Trog accepts your kill. You block the toenail golem's attack.
GONNNNG!
You beat the toenail golem like a drum!!!
You freeze the toenail golem!
You destroy the toenail golem!
Trog accepts your kill.
No target in view!
No target in view!
There is a stone staircase leading up, spattered with blood here.
You fly upwards.
There is a stone staircase leading down here.
There is a staircase leading out of the dungeon here.
You have escaped!

#.# ####..#.#....##.....## #.#
#....#...........##... #.#
####.##...#.........#####
#†#####........##..........##
#†.#....######.####...^..#..#
##.#.######≈≈≈.≈§≈#......##.#
#.#.##...'.≈≈≈§§.'......##.#
#(..##...#≈.....≈#......##.##
#..###...#≈≈.@.≈≈#.....[##..##
#### #...#≈§§§..≈#......###...
#...'.§§≈≈≈.+......# ####
#...#≈≈§§≈≈≈########
#...####.#### #........#
#.......## #########


There were no monsters in sight!

Vanquished Creatures
  2 dread liches
  3 orbs of fire (Zot:5)
  8 ancient liches
  Mara (Shoals:3)
  3 juggernauts
  Bai Suzhen (Vaults:3)
  7 Killer Klowns
  Saint Roka (Vaults:3)
  2 caustic shrikes (Depths:3)
  Nikola (Depths:2)
  the Enchantress (Depths:2)
  9 golden dragons
  Arachne (Spider:3)
  A profane servitor (Crypt:3)
  A bone dragon (Crypt:3)
  Jory (Vaults:3)
  2 hellephants (Zot:4)
  3 electric golems
  A Tzitzimitl (Zot:5)
  A shard shrike zombie (Crypt:3)
  11 tentacled monstrosities
  The ghost of Valamore the Slayer, an adept MiBe of Trog (Vaults:1)
  A walking earthen tome (Depths:2)
  Asterion (Depths:1)
  27 Orb Guardians
  A shard shrike skeleton (Crypt:3)
  2 deep elf master archers (Elf:3)
  3 deep elf blademasters
  2 liches
  3 quicksilver dragons
  2 titans (Vaults:5)
  10 ancient champions
  4 sphinxes
  4 death cobs
  8 tengu reavers
  8 draconian monks
  18 storm dragons
  7 shadow dragons
  Ilsuiw (Shoals:3)
  A draconian knight (Zot:2)
  5 revenants
  9 fire giants
  13 frost giants
  6 draconian shifters
  4 draconian scorchers
  9 deep elf sorcerers
  Louise (Shoals:4)
  8 vault wardens
  8 ghost moths
  A caustic shrike zombie (Crypt:3)
  5 draconian stormcallers
  3 curse skulls (Crypt:3)
  6 ghouls
  2 orc warlords
  8 emperor scorpions
  2 deep elf elementalists
  19 stone giants
  5 spriggan defenders (Depths:2)
  20 very ugly things
  6 broodmothers
  4 draconian annihilators
  6 vampire knights
  2 war gargoyles (Vaults:5)
  19 ironbound preservers
  8 ironbound thunderhulks
  10 deep elf demonologists
  11 deep elf annihilators
  10 green draconians
  9 black draconians
  17 white draconians
  13 red draconians
  6 yellow draconians
  15 dire elephants
  11 purple draconians
  5 spark wasps
  8 deep elf death magi
  7 ettins
  6 merfolk javelineers
  3 eidola
  16 merfolk impalers
  3 entropy weavers
  7 deep elf high priests
  9 fire dragons
  7 jiangshi
  9 great orbs of eyes
  23 yaktaur captains
  An entropy weaver (shapeshifter) (Vaults:5)
  5 rakshasas
  Erolcha (D:9)
  A hydra (shapeshifter) (Vaults:5)
  3 catoblepae
  30 vault guards
  6 spriggan air magi
  7 radroaches
  3 ice dragons
  2 spriggan skeletons
  4 merfolk aquamancers
  3 hydras
  2 ogre magi
  3 jorogumos
  10 boulder beetles
  7 ironbound frosthearts
  11 centaur warriors
  27 dancing weapons
  3 death knights
  3 two-headed ogres
  4 merfolk avatars
  A death scarab (Crypt:2)
  2 orc high priests (Orc:2)
  15 death yaks
  5 deep troll shamans
  10 deep troll earth magi
  7 vampire magi
  5 spriggan berserkers
  3 tengu warriors
  Urug (Lair:5)
  A titan skeleton (Crypt:3)
  3 soul eaters
  20 deep elf knights
  7 skysharks
  A sun demon (D:11)
  8 shadow wraiths
  A fire crab (Shoals:3)
  A hell knight (Vaults:3)
  3 pharaoh ants
  20 skeletal warriors
  8 sea snakes
  3 sun moths
  6 flayed ghosts
  9 iron trolls
  73 deep trolls
  13 orb spiders
  2 large abominations
  6 glowing orange brains
  A spriggan simulacrum (Crypt:2)
  6 bog bodies
  17 deep elf archers
  7 phantasmal warriors
  Pikel (D:9)
  6 harpies
  9 lindwurms
  2 sphinx zombies (Vaults:2)
  24 ironbound convokers
  10 wizards
  23 deep elf zephyrmancers
  13 steelbarb worms
  9 orc knights
  A broodmother zombie (Crypt:1)
  7 necromancers
  41 deep elf pyromancers
  10 cyclopes
  29 ugly things
  A sphinx skeleton (Vaults:2)
  2 orc sorcerers
  Maurice (D:9)
  A centaur zombie (Crypt:2)
  19 wolf spiders
  17 manticores
  26 moths of wrath
  3 elephants (shapeshifter)
  7 toenail golems
  16 elephants
  A fire giant skeleton (Crypt:2)
  7 torpor snails
  A moth of wrath (shapeshifter) (Depths:4)
  12 vault sentinels
  A titan simulacrum (Crypt:3)
  11 merfolk sirens
  Joseph (D:7)
  9 demonic crawlers
  11 water nymphs
  14 cane toads
  2 black mambas
  A cane toad (shapeshifter) (Vaults:5)
  A centaur skeleton (Crypt:3)
  An unseen horror (D:13)
  A dire elephant skeleton (Crypt:1)
  Psyche (D:8)
  4 gargoyles
  2 efreet
  A black draconian zombie (Crypt:1)
  5 rime drakes
  A kobold demonologist (D:13)
  8 komodo dragons
  24 yaktaurs
  A green draconian skeleton (Crypt:1)
  A guardian mummy (Crypt:3)
  6 freezing wraiths
  3 tengu conjurers
  An unseen horror skeleton (Crypt:2)
  A red devil (D:2)
  9 trolls
  8 wind drakes
  42 merfolk
  A grey draconian skeleton (Crypt:3)
  A queen bee (Spider:1)
  A black draconian skeleton (Crypt:3)
  A wind drake (shapeshifter) (D:15)
  2 hornets
  3 meliai (Spider:3)
  32 tarantellas
  5 polar bears
  11 blink frogs
  A tarantella (shapeshifter) (D:15)
  A death drake skeleton (Crypt:2)
  2 dream sheep (shapeshifter)
  20 dream sheep
  An ice dragon zombie (Crypt:2)
  A meliai zombie (Crypt:2)
  7 snapping turtles
  An ettin zombie (Crypt:2)
  4 flying skulls (Crypt:3)
  10 air elementals
  28 jumping spiders
  28 culicivoras
  50 slime creatures
  2 shadows
  34 yaks
  27 water elementals
  7 wyverns
  4 vampires
  6 spriggans
  2 fire bats (Shoals:3)
  A fire elemental (Elf:2)
  3 humans (Zot:4)
  11 wraiths
  3 basilisks
  76 redbacks
  2 vampire mosquitoes (D:12)
  A skyshark zombie (Crypt:1)
  A steam dragon (Lair:2)
  3 wargs
  A merfolk zombie (Crypt:3)
  4 acid dragons
  A glowing shapeshifter zombie (Crypt:2)
  A harpy simulacrum (Crypt:1)
  A fire bat skeleton (Crypt:2)
  A floating eye (shapeshifter) (Vaults:5)
  2 naga skeletons
  12 water moccasins
  2 floating eyes
  A faun skeleton (Crypt:1)
  A meliai simulacrum (D:13)
  A glowing shapeshifter skeleton (Crypt:1)
  25 orc warriors
  A swamp drake (D:9)
  A black bear (shapeshifter) (D:14)
  An ice beast (D:8)
  6 boggarts
  9 ogres
  5 black bears
  18 wolves
  25 centaurs
  2 kobold brigands
  11 bullfrogs
  A yaktaur zombie (Crypt:2)
  4 necrophages
  A salamander skeleton (Crypt:2)
  3 scorpions
  6 earth elementals
  A yaktaur skeleton (Crypt:3)
  10 gnoll sergeants
  3 wights (D:9)
  A water moccasin skeleton (Crypt:2)
  26 killer bees
  4 howler monkeys
  8 electric eels
  2 jellies
  10 orc priests
  Crazy Yiuf (D:3)
  7 hounds
  A black bear skeleton (Crypt:1)
  8 gnoll boudas
  Terence (D:2)
  2 iguanas
  24 orc wizards
  A hound skeleton (Crypt:3)
  12 mummies (Crypt:3)
  A howler monkey zombie (Crypt:3)
  27 gnolls
  6 adders
  A white imp (D:6)
  An ufetubus (D:7)
  5 worms
  5 dart slugs
  82 orcs
  8 ball pythons
  A bat skeleton (Crypt:1)
  4 endoplasms
  3 giant cockroaches (D:1)
  6 hobgoblins
  8 jackals
  3 quokkas
  6 bats
  4 frilled lizards
  10 goblins
  A goblin zombie (Crypt:3)
  17 kobolds
  5 rats
  A rat zombie (Crypt:1)
  A tentacle (Shoals:1)
2289 creatures vanquished.

Vanquished Creatures (collateral kills)
  A dire elephant (Vaults:3)
  A merfolk aquamancer (Shoals:1)
  An orc high priest (Orc:2)
  A sea snake (Shoals:3)
  A manticore (Shoals:3)
  A merfolk siren (Shoals:3)
  2 merfolk
  A snapping turtle (Shoals:3)
  2 orc warriors (Orc:2)
  An orc priest (Orc:2)
  An orc wizard (Orc:2)
  5 orcs (Orc:2)
18 creatures vanquished.

Vanquished Creatures (others)
  A very ugly thing (Depths:2)
  A deep elf annihilator (Elf:3)
  A vampire knight (Crypt:3)
  A dancing weapon (Elf:1)
  A spriggan berserker (Depths:4)
  2 deep elf knights (Elf:1)
  A wizard (Vaults:2)
  A wolf spider (Spider:4)
  A deep elf pyromancer (Elf:1)
  A jumping spider (Spider:2)
  A vampire (Crypt:3)
  3 humans (Zot:4)
  A warg (Orc:2)
  4 orc warriors (Orc:2)
  2 kobolds (D:8)
  33 fungi
  138 plants
  8 tentacles (Shoals:1)
201 creatures vanquished.

Grand Total: 2508 creatures vanquished

Notes
Turn   | Place    | Note
-------+----------+-------------------------------------------
     0 | D:1      | juan097 the Minotaur Berserker began the quest for the Orb.
     0 | D:1      | Reached XP level 1. HP: 19/19 MP: 0/0
   116 | D:1      | Reached XP level 2. HP: 18/27 MP: 1/1
   180 | D:1      | Reached skill level 4 in Fighting
   244 | D:1      | Reached skill level 1 in Stealth
   356 | D:1      | Reached XP level 3. HP: 14/33 MP: 2/2
   387 | D:1      | Reached ** piety under Trog
   709 | D:1      | Found a faded altar of an unknown god.
   969 | D:2      | Reached XP level 4. HP: 41/41 MP: 3/3
  1013 | D:2      | Noticed Terence
  1021 | D:2      | Killed Terence
  1552 | D:3      | Reached skill level 5 in Fighting
  1568 | D:3      | Reached skill level 5 in Maces & Flails
  1577 | D:3      | Reached XP level 5. HP: 48/48 MP: 4/4
  1592 | D:3      | Found Ziugihaj's Jewellery Shop.
  1788 | D:3      | Found a bloodstained altar of Trog.
  1828 | D:3      | Reached *** piety under Trog
  1894 | D:3      | Found a runed translucent door.
  1895 | D:3      | Noticed Crazy Yiuf
  2494 | D:3      | Reached XP level 6. HP: 44/56 MP: 5/5
  3179 | D:4      | Reached skill level 6 in Fighting
  3426 | D:5      | Entered Level 5 of the Dungeon
  3630 | D:5      | Noticed an orc warrior
  3696 | D:5      | Noticed a water moccasin
  3705 | D:5      | Killed a water moccasin
  3706 | D:5      | Reached XP level 7. HP: 60/63 MP: 6/6
  4003 | D:5      | Reached XP level 8. HP: 44/71 MP: 7/7
  4578 | D:6      | Reached skill level 7 in Fighting
  4860 | D:6      | Reached skill level 5 in Armour
  4936 | D:6      | Reached skill level 8 in Fighting
  4953 | D:6      | Reached skill level 10 in Maces & Flails
  5016 | D:6      | Found a staircase to the Ecumenical Temple.
  5398 | D:7      | Reached **** piety under Trog
  5399 | D:7      | Reached XP level 9. HP: 47/81 MP: 8/8
  5538 | D:7      | Found a flagged portal.
  5622 | Bailey   | Entered a bailey
  6274 | Bailey   | Reached skill level 1 in Throwing
  6785 | D:7      | Noticed Joseph
  7009 | D:3      | Killed Crazy Yiuf
  7416 | D:7      | Killed Joseph
  7417 | D:7      | Reached skill level 9 in Fighting
  7653 | D:7      | Found Methrixt's Antique Weapon Shop.
  7711 | D:7      | Reached XP level 10. HP: 91/91 MP: 9/9
  8198 | D:8      | Found a staircase to the Lair.
  8363 | D:8      | Noticed Psyche
  8371 | D:8      | Reached skill level 10 in Fighting
  8373 | D:8      | Reached ***** piety under Trog
  8384 | D:8      | Killed Psyche
  8589 | D:8      | Reached skill level 1 in Evocations
  8934 | Lair:1   | Entered Level 1 of the Lair of Beasts
  8985 | Lair:1   | Reached skill level 5 in Dodging
  9266 | Lair:1   | Noticed a black mamba
  9273 | Lair:1   | Killed a black mamba
  9451 | Lair:1   | Noticed a cane toad
  9457 | Lair:1   | Killed a cane toad
  9607 | Lair:1   | Noticed a boulder beetle
  9623 | Lair:1   | Reached skill level 11 in Fighting
  9652 | Lair:1   | Killed a boulder beetle
  9653 | Lair:1   | Reached XP level 11. HP: 46/102 MP: 10/10
 10251 | Lair:2   | Reached skill level 12 in Fighting
 10351 | Lair:2   | Found a dark tunnel.
 10425 | Volcano  | Entered a volcano
 10436 | Volcano  | Noticed a wizard
 10461 | Volcano  | Killed a wizard
 10472 | Volcano  | Noticed a wizard
 10480 | Volcano  | Killed a wizard
 10491 | Volcano  | Noticed a wizard
 10500 | Volcano  | Killed a wizard
 10501 | Volcano  | Reached skill level 5 in Evocations
 10519 | Volcano  | Noticed a wizard
 10522 | Volcano  | Noticed a wizard
 10531 | Volcano  | Killed a wizard
 10535 | Volcano  | Killed a wizard
 10535 | Volcano  | Received a gift from Trog
 10595 | Volcano  | Noticed a +2 mace of flaming
 10614 | Volcano  | Killed a +2 mace of flaming
 10838 | Lair:2   | Reached skill level 13 in Fighting
 10868 | Lair:2   | Reached XP level 12. HP: 60/115 MP: 11/11
 11218 | Lair:2   | Found a hole to the Spider Nest.
 11586 | Lair:3   | Reached skill level 10 in Armour
 11930 | Lair:3   | Found a staircase to the Shoals.
 12341 | Lair:3   | Reached skill level 14 in Fighting
 12911 | Lair:4   | Reached skill level 1 in Ranged Weapons
 13042 | Lair:4   | Noticed a boulder beetle
 13053 | Lair:4   | Killed a boulder beetle
 13054 | Lair:4   | Reached skill level 5 in Ranged Weapons
 13095 | Lair:4   | Identified the +1 chain mail of Inevitability {Int+2}
 13095 | Lair:4   | Noticed a death yak
 13106 | Lair:4   | Noticed a death yak
 13108 | Lair:4   | Noticed a death yak
 13394 | Lair:4   | Found a staircase to the Slime Pits.
 13394 | Lair:4   | Found a viscous altar of Jiyva.
 13515 | Lair:4   | Noticed a seven-headed hydra
 13527 | Lair:4   | Killed a seven-headed hydra
 13705 | Lair:4   | Reached XP level 13. HP: 124/124 MP: 12/12
 14482 | Lair:5   | Entered Level 5 of the Lair of Beasts
 14583 | Lair:5   | Reached skill level 15 in Maces & Flails
 15364 | Lair:5   | Received a gift from Trog
 15590 | Lair:5   | Noticed Urug
 15687 | Lair:5   | Killed Urug
 15688 | Lair:5   | Reached XP level 14. HP: 84/133 MP: 13/13
 17153 | D:9      | Noticed Erolcha
 17159 | D:9      | Killed Erolcha
 17167 | D:9      | Identified the +5 ring mail "Lobuavy" {-Cast rElec rC+
                  | Dex+5}
 17344 | D:9      | Noticed Maurice
 17350 | D:9      | Killed Maurice
 17544 | D:9      | Received a gift from Trog
 17573 | D:9      | Found a staircase to the Orcish Mines.
 17580 | D:9      | Reached ****** piety under Trog
 17830 | D:9      | Noticed Pikel
 17831 | D:9      | Killed Pikel
 17962 | Orc:1    | Entered Level 1 of the Orcish Mines
 18328 | Orc:1    | Reached skill level 15 in Fighting
 18569 | Orc:2    | Entered Level 2 of the Orcish Mines
 18579 | Orc:2    | Found a staircase to the Elven Halls.
 18596 | Orc:2    | Noticed an orc warlord
 18610 | Orc:2    | Killed an orc warlord
 18828 | Orc:2    | Found Vyrgh's Antique Weapon Shoppe.
 18942 | Orc:2    | Bought a crystal sling for 214 gold pieces
 18942 | Orc:2    | Identified the +3 sling "Suppan" {drain, rC+ Str+3 SInv}
                  | (You bought it in a shop on level 2 of the Orcish Mines)
 19033 | Orc:2    | Reached skill level 10 in Dodging
 19039 | Orc:2    | Found Ypor's Antique Armour Boutique.
 19507 | Orc:2    | Found Uprasorch's Jewellery Shoppe.
 19528 | Orc:2    | Found Kewunuzodd's General Store.
 19977 | D:3      | Bought the ring of the Past {rF+ Str+6} for 579 gold pieces
 20227 | Orc:2    | Bought a translucent ring mail for 315 gold pieces
 20227 | Orc:2    | Identified the +3 ring mail of Voracious Leaves {Contam
                  | Will+++ Regen+ Int+5} (You bought it in a shop on level 2
                  | of the Orcish Mines)
 20314 | D:10     | Entered Level 10 of the Dungeon
 20712 | D:10     | Found a snail-covered altar of Cheibriados.
 20713 | D:10     | Found an ancient bone altar of Kikubaaqudgha.
 20715 | D:10     | Found a blossoming altar of Fedhas.
 20737 | D:10     | Received a gift from Trog
 21004 | D:11     | Found a portal to a secret trove of treasure.
 22808 | D:12     | Reached skill level 16 in Fighting
 22900 | D:12     | Received a gift from Trog
 22901 | D:12     | Reached XP level 15. HP: 143/144 MP: 14/14
 23620 | D:13     | Reached skill level 10 in Evocations
 24304 | D:13     | Found a gate to the Vaults.
 24911 | D:14     | Found a runed translucent door.
 24917 | D:14     | Found a runed translucent door.
 24917 | D:14     | Noticed a frost giant
 24918 | D:14     | Noticed a lich
 24934 | D:14     | Reached skill level 5 in Throwing
 24948 | D:14     | Noticed jejorda2's ghost (adept MfBe)
 25311 | D:14     | Identified the +3 scale mail of the Dolphin {Drain rPois
                  | Will+}
 25498 | D:15     | Entered Level 15 of the Dungeon
 25627 | D:15     | Received a gift from Trog
 25873 | D:15     | Found a blossoming altar of Fedhas.
 27143 | D:15     | Found a staircase to the Depths.
 27799 | Orc:2    | Bought a +2 eveningstar of freezing for 429 gold pieces
 28205 | Spider:1 | Entered Level 1 of the Spider Nest
 28213 | Spider:1 | Reached skill level 1 in Shields
 28220 | Spider:1 | Reached skill level 15 in Armour
 28372 | Spider:1 | Reached XP level 16. HP: 136/154 MP: 15/15
 28436 | Spider:1 | Received a gift from Trog
 28849 | Spider:1 | Identified the +1 spear of Qaipo {heavy, Stlth+}
 29139 | Spider:1 | Reached skill level 17 in Fighting
 30361 | Spider:1 | Reached skill level 5 in Shields
 30832 | Spider:1 | Received a gift from Trog
 32444 | Spider:2 | Identified the +1 robe of the Tick {rC- rCorr Int-5 Slay+6}
 32513 | Spider:2 | Identified the +12 rapier of the Scorching Ancients {flame,
                  | rPois Int+3}
 33843 | Spider:3 | Received a gift from Trog
 34956 | Spider:4 | Entered Level 4 of the Spider Nest
 34956 | Spider:4 | Noticed Arachne
 34988 | Spider:4 | Reached XP level 17. HP: 107/163 MP: 16/16
 36788 | Shoals:1 | Entered Level 1 of the Shoals
 36901 | Lair:3   | Reached skill level 18 in Fighting
 37469 | Shoals:1 | Noticed a kraken
 38674 | Shoals:1 | Found Joixoqu's Armour Boutique.
 39364 | Shoals:2 | Received a gift from Trog
 39477 | Shoals:2 | Identified a scroll of acquirement
 39478 | Shoals:2 | Acquired a manual of Evocations
 40251 | Shoals:3 | Noticed Ilsuiw
 40272 | Shoals:3 | Reached skill level 10 in Shields
 40294 | Shoals:3 | Killed Ilsuiw
 41006 | Shoals:3 | Reached skill level 19 in Fighting
 41357 | Shoals:3 | Found Finebbu's Visitors' Centre.
 41366 | Shoals:3 | Found Finebbu's Merfolk Weapons.
 41366 | Shoals:3 | Found Finebbu's Merfolk Armours.
 41785 | Shoals:4 | Entered Level 4 of the Shoals
 41808 | Shoals:4 | Noticed Louise
 41821 | Shoals:4 | Killed Louise
 41972 | Shoals:4 | Received a gift from Trog
 42355 | Shoals:4 | Reached XP level 18. HP: 156/176 MP: 17/17
 42635 | Shoals:4 | Noticed Mara
 42714 | Shoals:3 | Noticed juan097's illusion
 42718 | Shoals:3 | Killed Mara
 43377 | Shoals:4 | Identified the +3 leather armour of Darkness {rF+ Str+3
                  | Dex+5}
 44312 | Shoals:4 | Paralysed by an air elemental for 1 turns
 44318 | Shoals:4 | Received a gift from Trog
 44607 | Shoals:4 | Got a barnacled rune of Zot
 44784 | Shoals:3 | Bought a potion of flight for 300 gold pieces
 44790 | Shoals:3 | Bought 5 silver javelins for 675 gold pieces
 44790 | Shoals:3 | Bought 5 javelins for 225 gold pieces
 44800 | Shoals:3 | Bought a +0 hat for 76 gold pieces
 45084 | Spider:3 | Killed Arachne
 45698 | Spider:4 | Reached skill level 10 in Ranged Weapons
 45923 | Spider:4 | Reached skill level 20 in Fighting
 47147 | Spider:4 | Received a gift from Trog
 47393 | Spider:4 | Got a gossamer rune of Zot
 47678 | Vaults:1 | Entered Level 1 of the Vaults
 47695 | Vaults:1 | Reached skill level 15 in Shields
 47926 | Vaults:1 | Found a flickering gateway to a bazaar.
 47952 | Bazaar   | Entered a bazaar
 47952 | Bazaar   | Found Hoinir Ruho's Antique Weapon Shoppe.
 47952 | Bazaar   | Found Ixtadgh's Antique Armour Shoppe.
 47953 | Bazaar   | Found Liucosin's Antique Weapon Emporium.
 47953 | Bazaar   | Found Eniss's General Store.
 48052 | Vaults:1 | Paralysed by a great orb of eyes for 4 turns
 48155 | Vaults:1 | Found a runed translucent door.
 48157 | Vaults:1 | Noticed Valamore's ghost (adept MiBe)
 48173 | Vaults:1 | Identified the ring of Buetoroe {rElec Str+6 Int-5 Dex+2}
 48200 | Vaults:1 | Reached XP level 19. HP: 178/185 MP: 18/18
 48222 | Vaults:1 | Reached skill level 5 in Stealth
 49201 | Vaults:2 | Received a gift from Trog
 49275 | Vaults:2 | Reached skill level 15 in Evocations
 50714 | Vaults:2 | Found a staircase to the Crypt.
 50782 | Vaults:3 | Received a gift from Trog
 51033 | Vaults:3 | Noticed Jory
 51049 | Vaults:3 | Killed Jory
 51633 | Vaults:3 | Reached XP level 20. HP: 193/193 MP: 19/19
 51695 | Vaults:3 | Noticed Saint Roka
 51709 | Vaults:3 | Received a gift from Trog
 51732 | Vaults:3 | Killed Saint Roka
 52015 | Vaults:3 | Noticed Bai Suzhen
 52031 | Vaults:3 | Killed Bai Suzhen
 52793 | Vaults:3 | Noticed Frederick
 53852 | Vaults:4 | Found Ilopp's Armour Emporium.
 54095 | Vaults:4 | Identified the +8 rapier "Uttublitz" {pain, rN+ Str+4}
 54251 | Vaults:4 | Paralysed by a great orb of eyes for 2 turns
 54827 | Vaults:4 | Reached skill level 10 in Throwing
 55168 | Depths:1 | Entered Level 1 of the Depths
 55178 | D:15     | Reached skill level 21 in Fighting
 55337 | Depths:1 | Received a gift from Trog
 55441 | Depths:1 | Found a one-way gateway to a ziggurat.
 55538 | Depths:1 | Noticed Asterion
 55967 | Depths:1 | Killed Asterion
 56181 | Depths:1 | Found a one-way gate to the infinite horrors of the Abyss.
 56619 | Depths:1 | Got the Tome of the Combined Boulder
 56664 | Depths:1 | Found a gateway to Hell.
 57487 | Depths:2 | Reached XP level 21. HP: 205/205 MP: 20/20
 57558 | Depths:2 | Noticed the Enchantress
 57568 | Depths:2 | Killed the Enchantress
 57918 | Depths:2 | Reached XP level 22. HP: 215/215 MP: 21/21
 58025 | Depths:2 | Found a one-way gate leading to the halls of Pandemonium.
 58119 | Depths:2 | Reached skill level 22 in Fighting
 58258 | Depths:2 | Received a gift from Trog
 58385 | Depths:2 | Noticed a juggernaut
 58425 | Depths:2 | Killed a juggernaut
 58426 | Depths:2 | Reached skill level 15 in Dodging
 58552 | Depths:2 | Identified the ring of Terra Nullius {Int+3 Dex+6 Stlth+}
 58778 | Depths:2 | Noticed Nikola
 58789 | Depths:2 | Killed Nikola
 59129 | Depths:3 | Found Ocleych's Distillery.
 59181 | Depths:3 | Bought 2 potions of heal wounds for 140 gold pieces
 59181 | Depths:3 | Bought a potion of might for 56 gold pieces
 59397 | Depths:3 | Paralysed by a floating eye for 2 turns
 59400 | Depths:3 | Noticed a juggernaut
 59401 | Depths:3 | Noticed a caustic shrike
 59425 | Depths:3 | Killed a juggernaut
 59429 | Depths:3 | Killed a caustic shrike
 59525 | Depths:3 | Noticed a juggernaut
 59530 | Depths:3 | Noticed a golden dragon
 59542 | Depths:3 | Killed a juggernaut
 59560 | Depths:3 | Killed a golden dragon
 59560 | Depths:3 | Received a gift from Trog
 59823 | Depths:3 | Noticed a caustic shrike
 59882 | Depths:3 | Reached XP level 23. HP: 220/220 MP: 22/22
 59883 | Depths:3 | Acquired the +1 pair of gloves of Fuerphuer {rC+ Will+
                  | Str+3 Int+3}
 60116 | Depths:3 | Killed a caustic shrike
 60488 | Depths:4 | Entered Level 4 of the Depths
 61242 | Depths:4 | Reached XP level 24. HP: 204/233 MP: 22/22
 61471 | Depths:4 | Received a gift from Trog
 61583 | Depths:4 | Found a gate to the Realm of Zot.
 62719 | Elf:1    | Entered Level 1 of the Elven Halls
 62743 | Elf:1    | Paralysed by an air elemental for 1 turns
 63431 | Elf:1    | Paralysed by an air elemental for 1 turns
 63450 | Elf:1    | Paralysed by an air elemental for 1 turns
 63472 | Elf:1    | Found a shimmering blue altar of Sif Muna.
 63629 | Elf:1    | Received a gift from Trog
 64013 | Elf:1    | Found Xeguch's Jewellery Boutique.
 64013 | Elf:1    | Found Anli's Book Shoppe.
 64014 | Elf:1    | Found Daiqiduc's Book Shoppe.
 64278 | Elf:2    | Found a runed translucent gate.
 64278 | Elf:2    | Found a runed translucent gate.
 64278 | Elf:2    | Found a runed translucent gate.
 64394 | Elf:2    | Paralysed by an air elemental for 1 turns
 64482 | Elf:2    | Reached skill level 23 in Fighting
 64856 | Elf:2    | Received a gift from Trog
 65554 | Elf:3    | Entered Level 3 of the Elven Halls
 66170 | Elf:3    | Received a gift from Trog
 66598 | Elf:3    | Identified the ring of Anwealu {EV+5 Dex+3}
 66601 | Elf:3    | Received a gift from Trog
 66712 | Elf:3    | Identified the +5 dire flail "Vourhepsaw" {freeze, rElec}
 66725 | Elf:3    | Identified the +4 scale mail of Insecurity {rCorr Str-2
                  | Int+3}
 66729 | Elf:3    | Identified the +7 plate armour of the Old and Reckless
                  | {Int+2}
 66849 | Elf:3    | Identified the +1 short sword of the Pyrrhic Victory
                  | {freeze, rF++ Str-5 Int+6}
 67549 | Vaults:1 | Killed Valamore's ghost
 68603 | Vaults:5 | Entered Level 5 of the Vaults
 68754 | Vaults:4 | Reached skill level 24 in Fighting
 69134 | Vaults:4 | Reached XP level 25. HP: 200/247 MP: 22/22
 69290 | Vaults:4 | Reached skill level 25 in Fighting
 69552 | Vaults:5 | Received a gift from Trog
 69584 | Vaults:5 | Identified the ring of Xom's Flight of Fancy {*Slow Fly rC+
                  | MP+9 Str+3}
 69601 | Vaults:5 | Reached skill level 26 in Fighting
 69717 | Vaults:5 | Paralysed by a floating eye for 3 turns
 69775 | Vaults:5 | Reached skill level 27 in Fighting
 69873 | Vaults:5 | Noticed an ancient lich
 69908 | Vaults:5 | Killed an ancient lich
 69937 | Vaults:5 | Identified the +8 war axe of Ywauxticw {flame, Str+3} (Trog
                  | gifted it to you on level 5 of the Vaults)
 69937 | Vaults:5 | Received a gift from Trog
 69979 | Vaults:5 | Identified the +9 spear of Superiority {venom, Fragile rN+
                  | Dex+3}
 70197 | Vaults:5 | Received a gift from Trog
 70588 | Vaults:5 | Identified the +3 scale mail of the Iron City of Dis {rC-
                  | rN+ MP+9}
 70821 | Vaults:5 | Got a silver rune of Zot
 71224 | Vaults:5 | Identified the +3 chain mail of Resourcefulness {*Slow rF++
                  | SInv}
 71314 | Vaults:5 | Acquired a manual of Dodging
 71499 | Crypt:1  | Entered Level 1 of the Crypt
 72909 | Crypt:1  | Received a gift from Trog
 73775 | Crypt:3  | Entered Level 3 of the Crypt
 73786 | Crypt:3  | Reached XP level 26. HP: 240/258 MP: 22/22
 74218 | Crypt:3  | Received a gift from Trog
 74355 | Crypt:3  | Found a staircase to the Tomb.
 74584 | Crypt:3  | Received a gift from Trog
 74830 | Crypt:3  | Identified the ring of Yrchus {rElec rPois AC+4 Stlth+}
 74964 | Crypt:3  | Found a basalt altar of Yredelemnul.
 75312 | Crypt:3  | Found an ancient bone altar of Kikubaaqudgha.
 75316 | Crypt:3  | Found a basalt altar of Yredelemnul.
 75326 | Crypt:3  | Identified the amulet "Irruyte" {rElec Regen+ Str+7}
 75326 | Crypt:3  | Identified the ring of Tuoxt {rC+ rN+ MP-9 Int+8 Stlth+}
 75326 | Crypt:3  | Identified the ring of Rixkalit {rF+ rN+}
 75350 | Crypt:3  | Identified the +7 long sword "Roupenick" {distort, rPois
                  | rF- rN+ Str+3}
 75981 | Zot:1    | Entered Level 1 of the Realm of Zot
 76064 | Zot:1    | Reached skill level 15 in Throwing
 77523 | Zot:2    | Received a gift from Trog
 78010 | Zot:2    | Found a runed translucent gate.
 78010 | Zot:2    | Found a runed translucent gate.
 78012 | Zot:2    | Found an opulent altar of Gozag.
 78012 | Zot:2    | Found a runed translucent gate.
 78012 | Zot:2    | Noticed Vapuhis's ghost (adept MiFi)
 79263 | Zot:4    | Received a gift from Trog
 79399 | Zot:4    | Reached XP level 27. HP: 182/273 MP: 22/22
 80083 | Zot:5    | Entered Level 5 of the Realm of Zot
 80421 | Zot:5    | Noticed an orb of fire
 80425 | Zot:5    | Gained mutation: Your magical capacity is low. (-10% MP)
                  | [an orb of fire]
 80428 | Zot:5    | Noticed an orb of fire
 80446 | Zot:5    | Gained mutation: You sometimes lose your temper in combat.
                  | [an orb of fire]
 80451 | Zot:5    | Gained mutation: You are occasionally teleported next to
                  | monsters. [an orb of fire]
 80456 | Zot:5    | Killed an orb of fire
 80459 | Zot:5    | Killed an orb of fire
 80508 | Zot:5    | Lost mutation: Your magical capacity is low. (-10% MP)
                  | [potion of mutation]
 80508 | Zot:5    | Lost mutation: You are occasionally teleported next to
                  | monsters. [potion of mutation]
 80508 | Zot:5    | Lost mutation: You sometimes lose your temper in combat.
                  | [potion of mutation]
 80508 | Zot:5    | Gained mutation: Your mind is acute. (Int +4, Str/Dex -1)
                  | [potion of mutation]
 80508 | Zot:5    | Lost mutation: Your mind is acute. (Int +4, Str/Dex -1)
                  | [potion of mutation]
 80508 | Zot:5    | Gained mutation: Your spells are a little harder to cast,
                  | but a little more powerful. [potion of mutation]
 80593 | Zot:5    | Noticed an ancient lich
 80600 | Zot:5    | Killed an ancient lich
 80607 | Zot:5    | Noticed an orb of fire
 80616 | Zot:5    | Noticed an ancient lich
 80619 | Zot:5    | Noticed a dread lich
 80620 | Zot:5    | Noticed an ancient lich
 80625 | Zot:5    | Gained mutation: You are dopey. (Int -2) [a cacodemon]
 80631 | Zot:5    | Gained mutation: You are partially covered in iridescent
                  | scales. (AC +2) [an orb of fire]
 80636 | Zot:5    | Noticed an ancient lich
 80638 | Zot:5    | Killed an orb of fire
 80783 | Zot:4    | Killed an ancient lich
 80786 | Zot:4    | Killed a dread lich
 80818 | Zot:4    | Killed an ancient lich
 80818 | Zot:4    | Received a gift from Trog
 80840 | Zot:5    | Killed an ancient lich
 80851 | Zot:5    | Noticed a dread lich
 80861 | Zot:5    | Killed a dread lich
 80878 | Zot:5    | Noticed an ancient lich
 80883 | Zot:5    | Noticed an ancient lich
 80884 | Zot:5    | Killed an ancient lich
 80891 | Zot:5    | Noticed an ancient lich
 80896 | Zot:5    | Killed an ancient lich
 80903 | Zot:5    | Killed an ancient lich
 81362 | Zot:5    | Got the Orb of Zot
 81898 | D:$      | Escaped with the Orb!

Illustrated notes

Levels and vault maps discovered:
D:1:      ncdulo_lavacross, layout_rooms, shapermc_ecumenical_altar_venn
D:2:      layout_rooms, uniq_terence
D:3:      layout_basic, nicolae_overflow_hidden_temple, serial_shops, shop,
          uniq_crazy_yiuf_cottage
D:4:      layout_cave_pods, minmay_misc_feat_tiny
D:5:      layout_layer_cave
D:6:      layout_cave_pools, minmay_temple_entry_overgrown
D:7:      layout_loops_ring, serial_shops, nicolae_lakefront_shop,
          enter_bailey_4, uniq_joseph
D:8:      layout_loops_cross, lair_entry_dummy, serial_rivers,
          chequers_serial_rivers_large_a, chequers_serial_rivers_marsh,
          chequers_serial_rivers_micro_c, chequers_serial_rivers_large_b,
          chequers_serial_rivers_micro_b, kennysheep_path_1, feat_on_display,
          uniq_psyche
D:9:      layout_roguey, erik_orc_1, uniq_pikel, uniq_maurice, uniq_erolcha
D:10:     layout_basic, minitemple
D:11:     layout_basic, serial_bayou, serial_bayou_shore_a, serial_bayou_pond_b,
          serial_bayou_lake_a, serial_bayou_pond_a,
          nicolae_trove_entry_crossroad
D:12:     layout_cave_pools
D:13:     cheibrodos_fzero, layout_rooms, lightli_vaults_fourway_checkpoint
D:14:     layout_cave_pools, palyth_stone_intersect,
          muffindrake_ghost_dual_entry
D:15:     gammafunk_enter_depths_forms, layout_layer_cave, minivault_27,
          grunt_decor_cap, grunt_ministairs_2, fedhas_altar_fruit_tree
Lair:1:   layout_roguey
Lair:2:   layout_long_grid, spider_nest_entry_rubble,
          lightli_volcano_entry_magma_tube, grunt_megastairs_5
Lair:3:   layout_big_grid, elwin_shoals_entry_rocks
Lair:4:   layout_roguey, slime_entry_1, nicolae_lair_lindhole
Lair:5:   grunt_lair_end_beastmaster, layout_misc_corridors, minivault_24,
          uniq_urug
Shoals:1: layout_shoals, serial_shops, shop
Shoals:2: layout_shoals
Shoals:3: nicolae_shoals_mermall, layout_shoals, hangedman_shoal_volcano,
          uniq_ilsuiw
Shoals:4: shoals_end_hellmonk_storm_palace [storm_palace_center_circular,
          storm_palace_corner_narrow, storm_palace_corner_reverse_hut,
          storm_palace_corner_reverse_hut, storm_palace_corner_pillars],
          uniq_louise, uniq_mara
Spider:1: layout_chambers, hive_lemuel
Spider:2: layout_spider_delve, hellmonk_motheaten_closet
Spider:3: layout_spider_delve, nicolae_spider_orb_run
Spider:4: guppyfry_spider_rune, hangedman_spider_tarantella_strand, uniq_arachne
Orc:1:    layout_caves
Orc:2:    grunt_orc_gardens, layout_diamond_mine, grunt_orc_garden,
          grunt_orc_garden, grunt_orc_garden, grunt_orc_garden
Elf:1:    layout_rooms, basic_altar, hangedman_elf_disciples,
          serial_sigils_hangedman_stare, st_stairs_5, evilmike_ambush
          [evilmike_ambush_outer_pillars, evilmike_ambush_inner_pond],
          minmay_shop_grove
Elf:2:    elven_hall_of_blades_hangedman_original [nooodl_blade_entry_preview],
          layout_geoelf_diagonals
Elf:3:    elf_hall, layout_geoelf_castle
Vaults:1: ebering_ghost_reflecting_pool, ontoclasm_vaults_twist, v_misc_32,
          ontoclasm_vaults_spin, grunt_vaults_hallway_long,
          nicolae_vaults_puzzle_piece, vaults_room_corners,
          vaults_room_door_hall, st_cross,
          nicolae_vaults_windows_and_doors_thing, v_misc_22,
          grunt_vaults_hallway_long, nicolae_vaults_rhombus_6,
          layout_vaults_maze, serial_shops, bzr_entry_customers
Vaults:2: ontoclasm_vaults_shuriken, hangedman_vaults_trim,
          hangedman_vaults_river_flow, v_pattern_4, blue_anna_dwarven_crypt,
          nicolae_vaults_little_ls, vaults_dpeg_cross, layout_vaults_omnigrid
Vaults:3: v_misc_4, v_rooms_6, st_octagons_1, grunt_vaults_diagonal,
          vaults_standard_mumra_enter_the_diamond, hangedman_vaults_stream,
          v_misc_30, v_alt_pattern_4, hangedman_vaults_trim,
          vaults_room_hallway, vaults_room_semicircle,
          layout_vaults_chaotic_city, uniq_saint_roka, uniq_jory,
          uniq_bai_suzhen, uniq_frederick
Vaults:4: hangedman_vaults_nails, v_pattern_5, v_misc_4,
          vaults_room_stairs_pillars, ontoclasm_vaults_fire_temple,
          grunt_vaults_focal, ontoclasm_vaults_chip,
          nicolae_vaults_little_squares_5, hangedman_vaults_trim,
          vaults_mumra_hexcomb, layout_vaults_ring, serial_shops,
          nicolae_shop_behind_doors
Vaults:5: serial_shops
Crypt:1:  layout_rooms, nicolae_crypt_small_crypt
Crypt:2:  layout_regular_city, moated_statue, nicolae_crypt_niches,
          hellmonk_scarab_ruin
Crypt:3:  lightli_unholy_cathedral, layout_chaotic_city,
          nicolae_tomb_entry_unfolded_pyramid_diagonal, basic_altar,
          moated_statue, small_chamber_with_monster
Depths:1: layout_twisted_cross, enter_ziggurat_d, grunt_hell_entry_dis_mu,
          abyss_entry, minmay_fractal_squares_diagonal_5,
          nicolae_triple_integral, uniq_asterion
Depths:2: minmay_the_grid_triangle_9x9_recursive_3_mashed
          [minmay_the_grid_triangle_9x9_steps,
          minmay_the_grid_triangle_9x9_semitri,
          minmay_the_grid_triangle_9x9_swiss_cheese,
          minmay_the_grid_triangle_9x9_prize_schism,
          minmay_the_grid_triangle_9x9_windchime,
          minmay_the_grid_triangle_9x9_longest,
          minmay_the_grid_triangle_9x9_odd_lines,
          minmay_the_grid_triangle_9x9_limited_checkers,
          minmay_the_grid_triangle_9x9_sparse_checkered], layout_cave_shapes,
          hell_entry, chequers_serial_rivers_small_b, pan_entry,
          minmay_fractal_squares_gapless_7, minmay_staircase_bubble,
          uniq_enchantress, uniq_nikola
Depths:3: minmay_crescents, layout_gridlike, abyss_entry, hell_entry,
          infiniplex_staircase_trident, serial_shops, shop, st_stairs_1
Depths:4: grunt_zot_entry_gee_three, layout_gridville, minmay_strange_pillars,
          hell_entry
Zot:1:    layout_basic, st_single_dragon_hoard_1, grunt_ministairs_6
Zot:2:    layout_concentric_octagons, ebering_ghost_gozag
Zot:3:    layout_gridlike
Zot:4:    circus_mu, layout_misc_corridors
Zot:5:    layout_cathedral_of_symmetry

Skill      XL: |  1  2  3  4  5  6  7  8  9 10 11 12 13 14 15 16 17 18 19 20 21 22 23 24 25 26 27 |
---------------+----------------------------------------------------------------------------------+-----
Fighting       | 4 5 6 8 9 11 13 14 16 17 19 20 21 22 24 27 | 27.0
Maces & Flails | 4 5 6 8 10 12 14 16 17 | 17.0
Stealth        | 1 2 3 4 6 7 8 |  8.0
Armour         | 3 5 6 7 9 10 12 14 15 17 18 19 20 22 24 25 | 25.0
Dodging        | 3 4 6 7 8 9 10 11 12 14 16 18 21 22 | 22.0
Throwing       | 3 4 6 7 8 10 11 12 14 18 21 | 21.0
Evocations     | 3 5 6 8 10 11 12 17 | 17.0
Ranged Weapons | 6 8 10 | 10.0
Shields        | 1 8 11 15 16 18 20 | 20.0

Action                     |  1- 3 |  4- 6 |  7- 9 | 10-12 | 13-15 | 16-18 | 19-21 | 22-24 | 25-27 || total
---------------------------+-------+-------+-------+-------+-------+-------+-------+-------+-------++-------
  Melee: Mace              |    80 |    50 |    51 |     8 |       |       |       |       |       ||   189
         Headbutt          |     8 |    14 |    54 |    95 |   257 |   305 |   411 |   314 |   799 ||  2257
         Hand axe          |       |    39 |       |       |       |       |       |       |       ||    39
         Whip              |       |       |   215 |   229 |       |       |       |       |       ||   444
         Punch             |       |       |     3 |     1 |       |       |       |       |       ||     4
         Eveningstar       |       |       |       |   158 |   831 |  1188 |   749 |   734 |  1003 ||  4663
         War axe           |       |       |       |       |     8 |    74 |       |       |       ||    82
         Demon whip        |       |       |       |       |       |       |   481 |   389 |  1183 ||  2053
   Fire: Sling             |       |    67 |    74 |    72 |   286 |   589 |   221 |    68 |       ||  1377
  Throw: Dart              |       |       |     8 |     9 |    38 |   200 |     6 |     3 |     2 ||   266
         Throwing net      |       |       |     3 |     1 |       |       |       |     1 |       ||     5
         Boomerang         |       |       |       |       |       |     9 |       |   155 |   229 ||   393
         Javelin           |       |       |       |       |       |     9 |       |    26 |    83 ||   118
 Invoke: Berserk           |       |     1 |     2 |       |     1 |     4 |     1 |       |     1 ||    10
         Trog's Hand       |       |     1 |       |     3 |     3 |     9 |     8 |     5 |     9 ||    38
         Brothers in Arms  |       |       |       |       |       |     5 |       |       |       ||     5
  Evoke: Phantom mirror    |       |       |       |     1 |       |       |       |       |       ||     1
         Wand              |       |       |       |     4 |     2 |    25 |     7 |     3 |     2 ||    43
         Lightning rod     |       |       |       |       |       |     4 |       |     4 |       ||     8
         Box of beasts     |       |       |       |       |       |     1 |     2 |       |       ||     3
         Condenser vane    |       |       |       |       |       |       |       |     1 |     2 ||     3
         Tin of tremorston |       |       |       |       |       |       |       |     1 |     1 ||     2
    Use: Scroll            |       |       |    11 |     8 |    11 |    19 |     2 |    11 |     9 ||    71
         Potion            |       |       |       |       |       |    20 |     4 |     1 |    10 ||    35
   Stab: Sleeping          |     1 |       |       |       |       |     2 |     6 |     7 |       ||    16
         Held in net/web   |       |       |     2 |       |       |       |       |       |       ||     2
         Confused          |       |       |       |       |     1 |       |       |       |     4 ||     5
         Distracted        |       |       |       |       |       |     1 |     1 |     3 |       ||     5
         Paralysed         |       |       |       |       |       |     1 |       |       |       ||     1
 Armour: Animal skin       |    18 |       |       |       |       |       |       |       |       ||    18
         Scale mail        |       |    42 |    83 |    47 |       |       |       |       |       ||   172
         Ring mail         |       |     1 |       |       |   232 |   532 |   328 |   245 |       ||  1338
         Plate armour      |       |       |       |    81 |   112 |       |       |    50 |   127 ||   370
         Crystal plate arm |       |       |       |       |       |       |       |       |   764 ||   764
  Dodge: Dodged            |    49 |    73 |   166 |   156 |   652 |  1001 |   537 |   569 |   710 ||  3913
  Block: Buckler           |       |       |       |       |     6 |   912 |   588 |       |       ||  1506
         Reflection        |       |       |       |       |       |    28 |    35 |    78 |    39 ||   180
         Kite shield       |       |       |       |       |       |       |   161 |   969 |  2949 ||  4079

Table legend: (Time is in decaauts)
 A = Elapsed time spent in this place.
 B = Non-inter-level travel time spent in this place.
 C = Inter-level travel time spent in this place.
 D = Time resting spent in this place.
 E = Time spent auto-exploring this place.
 F = Levels seen in this place.
 G = Mean time per level.
                   A        B        C        D        E       F      G
               +--------+--------+--------+--------+--------+-----+--------+
         Total |  79737 |  71773 |   7964 |   8017 |  46774 |  53 | 1504.5 |
       Dungeon |  18745 |  15614 |   3131 |   1568 |  10932 |  15 | 1249.7 |
          Lair |   9210 |   8212 |    998 |   1608 |   5031 |   5 | 1842.0 |
        Shoals |   7095 |   6786 |    309 |    387 |   4587 |   4 | 1773.8 |
   Spider Nest |  10784 |  10326 |    458 |   2195 |   6087 |   4 | 2696.0 |
  Orcish Mines |   2151 |   1803 |    348 |    516 |    861 |   2 | 1075.5 |
   Elven Halls |   3964 |   3637 |    327 |      7 |   2676 |   3 | 1321.3 |
        Vaults |  10987 |   9631 |   1356 |    606 |   6549 |   5 | 2197.4 |
         Crypt |   3549 |   3244 |    305 |    608 |   1771 |   3 | 1183.0 |
        Depths |   6943 |   6479 |    464 |    255 |   4506 |   4 | 1735.8 |
           Zot |   4968 |   4704 |    264 |    265 |   3045 |   5 |  993.6 |
        Bazaar |     36 |     36 |      0 |      0 |     15 |   1 |   36.0 |
        Bailey |    997 |    997 |      0 |      0 |    625 |   1 |  997.0 |
       Volcano |    302 |    302 |      0 |      0 |     87 |   1 |  302.0 |
               +--------+--------+--------+--------+--------+-----+--------+

Top non-repeatable levels by time:
Spider:3: 3486 daAuts
Spider:1: 3427 daAuts
Shoals:4: 2572 daAuts
Vaults:3: 2489 daAuts
Vaults:2: 2453 daAuts
Vaults:4: 2398 daAuts
  Lair:3: 2309 daAuts
    D:15: 2204 daAuts
Spider:4: 2092 daAuts
Depths:1: 2010 daAuts
  Lair:4: 2010 daAuts
    D:11: 1948 daAuts
Vaults:5: 1908 daAuts
  Lair:2: 1836 daAuts
Depths:2: 1833 daAuts
